 Dungeon Crawl Stone Soup version 0.32-a0-933-ga8fa3634e4 (webtiles) character file.

Game seed: 1150858191585636137

5 glaedl the Changeling (level 1, 0/13 HPs)
             Began as an Octopode Shapeshifter on Apr 14, 2024.
             Slain by a hobgoblin (5 damage)
             ... on level 1 of the Dungeon.
             The game lasted 00:00:12 (72 turns).

glaedl the Changeling (Octopode Shapeshifter)         Turns: 72, Time: 00:00:13

Health: 0/13       AC:  1    Str: 13    XL:     1   Next: 80%
Magic:  1/1        EV: 12    Int: 12    God:
Gold:   17         SH:  0    Dex: 11    Spells: 0/0 levels left

rFire   . .          .
                       - Unarmed
rCold   . . .        (no shield)
rNeg    . . .        (helmet currently unavailable)
rPois   .            (no amulet)
rElec   .            (no ring)
rCorr   .            (no ring)
SInv    .            (no ring)
Will    .....        (no ring)
Stlth   ++           (no ring)
HPRegen 0.22/turn    (no ring)
MPRegen 0.07/turn    (no ring)
                     (no ring)

%: no passive effects
@: beast-form
A: beast (slay +1), almost no armour, amphibious, 8 rings, camouflage 1,
gelatinous body 1, (nimble swimmer 1), tentacles
a: Begin Untransformation


You were on level 1 of the Dungeon.
You were a hulking beast.
You visited 1 branch of the dungeon, and saw 1 of its levels.

You collected 17 gold pieces.

Inventory:

Talismans
 b - a beast talisman (active)
 c - a flux talisman
Potions
 a - a potion of lignification


   Skills:
 + Level 1.1 Fighting
 + Level 2.1 Dodging
 + Level 3.0 Unarmed Combat
 * Level 3.1 Shapeshifting


You couldn't memorise any spells.
You didn't know any spells.
Your spell library was empty.

Dungeon Overview and Level Annotations

Branches:
Dungeon (1/15)

Altars:


Innate Abilities, Weirdness & Mutations

You are a hulking beast.
Your limbs bulge with bestial killing power. (Slay +1)
You cannot wear most types of armour.
You are amphibious.
You can wear up to eight rings at the same time.
Your skin changes colour to match your surroundings (Stealth+).
Your rubbery body absorbs attacks. (AC +1, EV +1)
((You are camouflaged when in or above water. (Stealth+)))
You have tentacles for arms and can constrict up to eight enemies at once.


Message History

A bat is nearby!
The bat hits you.
You miss the bat. Your grab misses the bat. The bat closely misses you.
The bat misses you.
A bat is nearby!
The bat hits you.
You bludgeon the bat!
You kill the bat!
No target in view!
HP restored.
A rat comes into view.
Found 7 gold pieces.
A rat is nearby!
You see here a scroll labelled TOZI RUPEC.
A hobgoblin comes into view.
Found 7 gold pieces.
A kobold and a hobgoblin come into view.
The kobold shouts!
The rat squeaks loudly.
The hobgoblin shouts!
A bat comes into view.
You tentacle-slap the rat. Your grab misses the rat.
The rat is moderately wounded.
The rat barely misses you.
The hobgoblin shouts!
You tentacle-slap the rat.
You kill the rat!
The bat misses you. The bat completely misses you.
You tentacle-slap the bat.
You kill the bat!
You tentacle-slap the hobgoblin. You grab the hobgoblin.
You squeeze the hobgoblin.
The hobgoblin is severely wounded.
You constrict the hobgoblin.
You kill the hobgoblin!
The hobgoblin hits you.
You see here a hobgoblin corpse.
You closely miss the hobgoblin. You grab the hobgoblin.
You constrict the hobgoblin. The kobold hits you with a +0 whip.
The hobgoblin hits you.
You die...

............#..
.............#.#
......#.$......
.............#
..........$..#
............###
...............
#.Kg....#.
######h##......
#..............
#....?.......#.
#.........####
#.........# #.
#........)###....
#........[.....#
#########†###..#
#.#


You could see a hobgoblin and a kobold.

Vanquished Creatures
  2 hobgoblins (D:1)
  2 bats (D:1)
  A kobold (D:1)
  A rat (D:1)
6 creatures vanquished.

Notes
Turn   | Place    | Note
-------+----------+-------------------------------------------
     0 | D:1      | glaedl the Octopode Shapeshifter began the quest for the
                  | Orb.
     0 | D:1      | Reached XP level 1. HP: 13/13 MP: 1/1
    72 | D:1      | Slain by a hobgoblin

Illustrated notes

Levels and vault maps discovered:
D:1:      ncdulo_wetmaze, layout_rooms, basic_ecumenical_altar

Action                     || total
---------------------------++-------
  Melee: Unarmed           ||    11
         Constrict         ||     2
         Tentacles         ||     1
 Armour: Skin              ||     5
  Dodge: Dodged            ||     7

Table legend: (Time is in decaauts)
 A = Elapsed time spent in this place.
 B = Non-inter-level travel time spent in this place.
 C = Inter-level travel time spent in this place.
 D = Time resting spent in this place.
 E = Time spent auto-exploring this place.
 F = Levels seen in this place.
 G = Mean time per level.
                   A        B        C        D        E       F      G
               +--------+--------+--------+--------+--------+-----+--------+
         Total |     71 |     71 |      0 |      0 |     38 |   1 |   71.0 |
       Dungeon |     71 |     71 |      0 |      0 |     38 |   1 |   71.0 |
               +--------+--------+--------+--------+--------+-----+--------+

Top non-repeatable levels by time:
     D:1: 71 daAuts
